AoeStats
← schmeno

Arabia

508287194Analyzed
2v2 RM · 11d ago on Sep 21, 2026· 22m 23s· 4 players
Game mode
Random Map
Map size
Medium (4 player)
Population
200
Speed
Normal
Resources
Standard
Victory
Conquest
Starting age
Dark Age
Ending age
Imperial Age
RankedLock teamsTeams togetherTeam positionsShared explorationLock speedFull tech treeHidden civsTurbo modeCheats
Victory
Defeat
🇨🇳 Britons · China
1294
+9
786
+28
🇺🇸 Persians · United States
1176
-21
🇺🇸 Italians · United States
1047
-16
make wall ,door and market well?
0:29 Loom
10:34 Feudal Age
11:01 Double-Bit Axe
16:32 Horse Collar
18:26 Wheelbarrow
17:37 Town Watch
19:09 Bloodlines
zymini
8:52 Feudal Age
10:21 Double-Bit Axe
12:12 Fletching
12:59 Loom
17:58 Padded Archer Armor
21:24 Horse Collar
Simon Nelson Cook
9:35 Feudal Age
11:42 Loom
19:36 Castle Age
19:46 Crossbowman
21:30 Double-Bit Axe
22:11 Fletching
schmeno
6:29 Loom
9:15 Feudal Age
9:56 Double-Bit Axe
14:42 Scale Barding Armor
Connection lost

Rejoining the realm…

Still unreachable

The connection could not be restored.

Session expired

The server has moved on; the page needs a fresh start.